 Dungeon Crawl Stone Soup version 0.19-a0-733-geeb8733 (webtiles) character file.

106939 MrRokkomies the Nimble (level 15, -22/81 HPs)
             Began as a Spriggan Enchanter on June 13, 2016.
             Was the Champion of Hepliaklqana.
             Hit by a large rock thrown by a cyclops (43 damage)
             ... on level 14 of the Dungeon on June 22, 2016.
             The game lasted 04:00:21 (32627 turns).

MrRokkomies the Nimble (Spriggan Enchanter)        Turns: 32627, Time: 04:00:22

Health: -22/81     AC:  6    Str:  7    XL:     15   Next: 99%
Magic:  11/26      EV: 31    Int: 18    God:    Hepliaklqana [******]
Gold:   1363       SH:  0    Dex: 19    Spells: 9 memorised, 1 level left

rFire  + + +     SeeInvis +     a - +0 rapier (venom)
rCold  . . .     Gourm    .     S - +1 robe {rC+ rF+}
rNeg   . . .     Faith    .     (shield restricted)
rPois  .         Spirit   .     s - +2 hat
rElec  .         Dismiss  .     D - +0 cloak
rCorr  .         Reflect  .     (gloves unavailable)
SustAt .         Harm     .     (boots unavailable)
MR     ++...                    k - amulet of regeneration
Stlth  ++++......               T - ring of Linearity {Wiz rF+}
                                p - ring of fire

@: repel missiles, very quick, very resistant to hostile enchantments, stealthy
A: unfitting armour, see invisible, herbivore 3, speed 3, slow metabolism 2
a: Recall Ancestor, Ancestor Identity, Transference, Idealise, Renounce Religion


You were on level 14 of the Dungeon.
You worshipped Hepliaklqana.
Hepliaklqana was exalted by your worship.
You were not hungry.

You visited 4 branches of the dungeon, and saw 23 of its levels.
You also visited: Labyrinth, Sewer, Ice Cave and Volcano.

You collected 2178 gold pieces.
You spent 815 gold pieces at shops.

Inventory:

Hand Weapons
 a - a +0 rapier of venom (weapon)
 b - a +0 blowgun
 v - the +6 dagger "Rumpewn" {pierce, rElec MP+9 Int-4}
   (You found it on level 6 of the Lair of Beasts)

   It inflicts extra damage upon your enemies.
   It affects your intelligence (-4).
   It insulates you from electricity.
   It affects your magic capacity (+9).
Missiles
 f - 6 tomahawks of returning (quivered)
 o - 101 poisoned needles
Armour
 s - a +2 hat (worn)
 u - a mottled dragon hide
 D - a +0 cloak (worn)
 S - a +1 robe of resistance (worn)
Jewellery
 k - an amulet of regeneration (around neck)
 p - a ring of fire (left hand)
 w - an uncursed ring of positive energy
 M - an uncursed amulet of faith {unknown}
 T - the ring of Linearity (right hand) {Wiz rF+}
   (You bought it in a shop on level 2 of the Orcish Mines)

   [ring of wizardry]

   It improves your spell success rate.
   It protects you from fire.
 Z - an uncursed ring of resist corrosion
Wands
 g - a wand of lightning (9/15)
 G - a wand of polymorph (14/24)
 H - a wand of digging (8/24)
 V - a wand of iceblast (9/15)
 X - a wand of acid (11/15)
Scrolls
 c - 2 scrolls of enchant weapon
 e - 3 scrolls of silence
 h - 7 scrolls of remove curse
 i - a scroll of amnesia
 j - 2 scrolls of magic mapping
 r - 9 scrolls of teleportation
 y - 3 scrolls of fog
 F - 5 scrolls of recharging
 I - 4 scrolls of fear
 W - a scroll of blinking
Potions
 l - a potion of heal wounds
 m - 6 potions of berserk rage
 q - 8 potions of curing
 t - a potion of magic
 x - 2 potions of invisibility
 B - 2 potions of ambrosia
 E - 3 potions of haste
 J - 5 potions of agility
 K - 3 potions of lignification
 P - 5 potions of might
Books
 U - a book of Air

   Spells                             Type                      Level
   a - Shock                          Conjuration/Air              1
   b - Swiftness                      Charms/Air                   2
   c - Repel Missiles                 Charms/Air                   2
   d - Static Discharge               Conjuration/Air              3
   e - Lightning Bolt                 Conjuration/Air              5
Miscellaneous
 Q - a fan of gales
Comestibles
 d - 11 bread rations
 n - 16 fruits


   Skills:
 - Level 10.3 Fighting
 - Level 11.0 Short Blades
 - Level 4.1 Throwing
 - Level 13.7 Dodging
 - Level 7.0 Stealth
 * Level 6.8 Spellcasting
 - Level 9.0 Conjurations
 - Level 10.6 Hexes
 - Level 4.1 Translocations
 - Level 9.4 Air Magic
 - Level 9.0 Poison Magic
 * Level 2.2 Invocations


You had one spell level left.
You knew the following spells:

 Your Spells              Type           Power        Failure   Level  Hunger
a - Blink                 Tloc           N/A          1%          2    None
b - Ensorcelled Hibernat  Hex/Ice        ####..       1%          2    None
c - Confuse               Hex            #####...     1%          3    ##.....
d - Tukima's Dance        Hex            #####...     1%          3    ##.....
e - Mephitic Cloud        Conj/Pois/Air  #####...     1%          3    ##.....
f - Shroud of Golubria    Chrm/Tloc      ##........   4%          2    None
g - Poisonous Cloud       Conj/Pois/Air  #####.....   21%         6    #######
h - Ignite Poison         Fire/Tmut/Pois ####....     4%          3    ##.....
i - Repel Missiles        Chrm/Air       ###...       1%          2    None


Dungeon Overview and Level Annotations

Branches:
Dungeon (14/15)            Temple (1/1) D:6            Lair (6/6) D:9
 Shoals (0/4) Lair:2        Snake (0/4) Lair:2          Orc (2/2) D:10
    Elf (0/3) Orc:2        Vaults (0/5) D:14
  Slime: Lair:5-6

Altars:
Ashenzari
Cheibriados
Dithmenos
Elyvilon
Fedhas
Gozag
Hepliaklqana
Kikubaaqudgha
Makhleb
Nemelex Xobeh
Okawaru
Pakellas
Qazlal
Ru
Sif Muna
Trog
Uskayaw
Vehumet
Xom
Yredelemnul
Zin
The Shining One

Shops:
D:4 ?   D:8 :%(!   D:13 ?   Orc:1 *   Orc:2 }}=*

Annotations:
D:14 Frances
Lair:2 exclusion: oklob plant
Lair:5 exclusion: 4 oklob plants


Innate Abilities, Weirdness & Mutations

You are tiny and cannot use many weapons and most armour.
You have supernaturally acute eyesight. (SInv)
You are a herbivore.
You cover ground extremely quickly.
You need consume almost no food.


Message History

The vault guard hits you from afar with a halberd!!
* * * LOW HITPOINT WARNING * * *
You hit the hill giant.
The hill giant is heavily wounded.
The vault guard is engulfed in roaring flames.
You kill the vault guard!
Your Invocations skill increases to level 2!
Lucia hits the hill giant from afar with a demon trident of flaming!
Lucia burns the hill giant.
The vault guard is engulfed in roaring flames.
Lucia hits the hill giant from afar with a demon trident of flaming!!
Lucia burns the hill giant.
The hill giant dies!
Found a pair of boots.
Lucia hits the vault guard with a demon trident of flaming!
Lucia burns the vault guard.
Found a meat ration.
The cyclops throws a large rock.
The large rock hits you!!!
Ouch! That really hurt!
You die...

..... ..... ............. ..
..........%.. . .............
............#
.....<.[...........## ## ##
....................## . ...
.....................##.#...#
................@.....#).....
....................).'C†.\..
.................p.R.%#......
................Z)..)## #...#
.................#..## ...
................#..## #
.................#.##
............####....##
..............###....#


You could see the friendly Lucia the knight, a vault guard, a cyclops and a
centaur skeleton.

Vanquished Creatures
  Maud (Orc:1)
  The ghost of Etesian the Cleaver, a journeyman CeSk of Okawaru (Lair:6)
  A minotaur (Lab)
  An ogre mage (Orc:2)
  4 hydras
  Erolcha (Orc:1)
  3 vault guards (D:14)
  A catoblepas (Lair:6)
  Erica (D:8)
  10 death yaks
  A deep troll shaman (Lair:6)
  2 orc high priests
  2 deep trolls (Orc:1)
  A lindwurm (Lair:1)
  6 hill giants
  An orc knight (Orc:2)
  3 ugly things
  A cyclops (D:12)
  10 elephants (Lair:6)
  3 black mambas
  Joseph (D:9)
  Psyche (D:10)
  5 spiny frogs
  4 gargoyles
  4 rime drakes
  3 ice devils (IceCv)
  4 komodo dragons
  A polar bear (Lair:6)
  6 trolls
  5 two-headed ogres
  A meliai zombie (D:9)
  9 blink frogs
  3 slime creatures (D:12)
  A spriggan (D:7)
  45 yaks
  2 wyverns
  A fire elemental (Volcano)
  3 basilisks
  A dancing weapon (D:7)
  7 hippogriffs
  A vampire mosquito (D:14)
  2 nagas (Lair:2)
  2 mottled dragons
  Menkaure (D:5)
  9 water moccasins
  6 porcupines
  10 orc warriors
  A wasp (D:11)
  3 black bears
  2 ice beasts
  4 sky beasts
  17 ogres
  5 centaurs
  13 wolves
  14 crocodiles
  3 big kobolds
  7 giant frogs
  A gnoll sergeant (D:3)
  An earth elemental (Volcano)
  A wyvern skeleton (D:6)
  2 scorpions
  7 killer bees
  9 wights
  3 howler monkeys
  2 electric eels
  7 crimson imps
  8 hounds
  2 jellies
  2 centaur skeletons
  2 giant frog zombies (D:6)
  16 orc priests
  2 centaur zombies
  4 gnoll shamans (D:3)
  Crazy Yiuf (D:5)
  2 giant frog skeletons
  5 worker ants
  13 iguanas
  16 orc wizards
  8 sheep
  2 hound skeletons
  A howler monkey zombie (D:9)
  8 adders
  35 gnolls
  23 river rats
  A shadow imp (D:9)
  A white imp (IceCv)
  An ufetubus (IceCv)
  An adder zombie (D:7)
  3 worms
  3 dart slugs
  7 giant geckos
  73 orcs
  8 bats
  5 giant cockroaches
  2 gnoll zombies (D:5)
  9 hobgoblins
  31 jackals
  19 kobolds
  2 quokkas (D:4)
  7 ball pythons
  10 giant newts
  2 goblins
  A jackal skeleton (D:4)
  A quokka zombie (D:3)
  17 rats
  A fire vortex (Volcano)
  A fungus (Lair:6)
650 creatures vanquished.

Vanquished Creatures (collateral kills)
  A hydra (Lair:6)
  A catoblepas (D:13)
  An ogre mage (Orc:2)
  6 death yaks
  A hill giant (D:14)
  3 ugly things
  An orc knight (Orc:1)
  2 orc sorcerers
  3 cyclopes
  An elephant (Lair:6)
  A molten gargoyle (Volcano)
  3 trolls
  4 ice devils (IceCv)
  A polar bear (Lair:6)
  3 two-headed ogres
  8 blink frogs
  3 slime creatures (D:12)
  15 yaks
  2 nagas (Lair:2)
  A water moccasin (D:10)
  2 porcupines
  An ice beast (D:10)
  5 orc warriors
  7 ogres
  A sky beast (D:13)
  A black bear (Lair:6)
  2 wolves
  A centaur (D:13)
  A crocodile (Lair:5)
  A giant frog (D:10)
  A gnoll sergeant (D:10)
  A scorpion (D:7)
  2 killer bees (D:10)
  3 wights
  A hound (D:10)
  3 orc priests
  A jelly (D:7)
  A centaur skeleton (D:8)
  An iguana (D:13)
  5 orc wizards
  6 sheep
  8 gnolls
  14 river rats
  2 white imps (IceCv)
  An adder zombie (D:7)
  22 orcs
  3 kobolds
158 creatures vanquished.

Vanquished Creatures (others)
  6 dancing weapons
  A naga (Lair:2)
  10 knights
  4 ancestors
  6 white imps (IceCv)
  7 ufetubi (IceCv)
  4 jackals (D:6)
  A giant gecko skeleton (D:6)
  4 fungi
  5 plants (Lair:6)
48 creatures vanquished.

Grand Total: 856 creatures vanquished

Notes
Turn   | Place    | Note
--------------------------------------------------------------
     0 | D:1      | MrRokkomies the Spriggan Enchanter began the quest for the Orb.
     0 | D:1      | Reached XP level 1. HP: 9/9 MP: 5/5
   198 | D:1      | You fall through a shaft!
   199 | D:2      | Found a shimmering altar of Xom.
   216 | D:2      | Reached XP level 2. HP: 13/13 MP: 6/6
   220 | D:2      | Learned a level 2 spell: Ensorcelled Hibernation
   668 | D:1      | Reached XP level 3. HP: 16/16 MP: 8/8
  1347 | D:2      | Found a glowing golden altar of the Shining One.
  1518 | D:2      | Reached XP level 4. HP: 21/21 MP: 9/9
  1576 | D:2      | Learned a level 3 spell: Confuse
  1628 | D:3      | Reached skill level 5 in Hexes
  1922 | D:3      | Found a glowing drain.
  1934 | D:3      | Reached XP level 5. HP: 24/24 MP: 2/10
  1972 | Sewer    | Entered a sewer
  3154 | D:3      | Learned a level 3 spell: Tukima's Dance
  3179 | D:3      | Reached XP level 6. HP: 28/28 MP: 6/11
  3382 | D:3      | Reached skill level 5 in Short Blades
  3382 | D:3      | Reached skill level 5 in Stealth
  4196 | D:3      | Reached XP level 7. HP: 27/32 MP: 5/12
  5175 | D:3      | Reached skill level 4 in Dodging
  5727 | D:4      | Reached skill level 5 in Dodging
  5805 | D:4      | Found a burning altar of Makhleb.
  5996 | D:4      | Found Cidghoho's Magic Scroll Emporium.
  6043 | D:4      | Reached skill level 1 in Fighting
  6127 | D:5      | Entered Level 5 of the Dungeon
  6127 | D:5      | Noticed Menkaure
  6133 | D:5      | Killed Menkaure
  6133 | D:5      | Reached XP level 8. HP: 38/38 MP: 11/13
  6164 | D:5      | Learned a level 3 spell: Mephitic Cloud
  6444 | D:5      | Noticed Crazy Yiuf
  6450 | D:5      | Killed Crazy Yiuf
  6660 | D:5      | Found a basalt altar of Yredelemnul.
  6834 | D:6      | Reached skill level 1 in Poison Magic
  6987 | D:6      | Found a sparkling altar of Nemelex Xobeh.
  7076 | D:6      | Identified the Tome of Envenoming and Sinister Rituals
  7423 | D:6      | Found a staircase to the Ecumenical Temple.
  7432 | Temple   | Entered the Ecumenical Temple
  7532 | Temple   | Became a worshipper of Hepliaklqana
  7639 | D:6      | Found a hazy altar of Hepliaklqana.
  8122 | D:7      | Reached skill level 1 in Air Magic
  8290 | D:7      | Reached XP level 9. HP: 45/45 MP: 1/14
  9247 | D:7      | Reached * piety under Hepliaklqana
  9309 | D:7      | Reached skill level 1 in Conjurations
  9645 | D:7      | Reached skill level 5 in Fighting
  9858 | D:8      | Noticed Erica
 10042 | D:8      | Killed Erica
 10042 | D:8      | Reached skill level 5 in Spellcasting
 10150 | D:8      | Reached skill level 1 in Throwing
 10280 | D:8      | Found Zocitaf's Food Shoppe.
 10292 | D:8      | Found Bysatuda's Weapon Emporium.
 10337 | D:8      | Found Uxainayl's Distillery.
 10431 | D:8      | Reached skill level 6 in Dodging
 10431 | D:8      | Reached XP level 10. HP: 51/51 MP: 19/19
 10435 | D:8      | Learned a level 2 spell: Blink
 10438 | D:8      | Learned a level 2 spell: Shroud of Golubria
 10440 | D:8      | Found Soirph's Book Emporium.
 11111 | D:9      | Reached ** piety under Hepliaklqana
 11113 | D:9      | Remembered your ancestor Lucia as a knight
 11122 | D:9      | Found a staircase to the Lair.
 11133 | D:9      | Reached skill level 7 in Dodging
 11218 | D:9      | Noticed Joseph
 11230 | D:9      | Killed Joseph
 11388 | D:9      | Reached skill level 8 in Dodging
 11768 | D:9      | Reached skill level 1 in Translocations
 12097 | D:9      | Reached skill level 9 in Dodging
 12162 | Lair:1   | Entered Level 1 of the Lair of Beasts
 12502 | Lair:1   | Found a dark tunnel.
 12502 | Lair:1   | Noticed a lindwurm
 12510 | Lair:1   | Killed a lindwurm
 12510 | Lair:1   | Reached skill level 5 in Poison Magic
 12515 | Volcano  | Entered a volcano
 12650 | Volcano  | Noticed a gargoyle
 12650 | Volcano  | Noticed a gargoyle
 12652 | Volcano  | Killed a gargoyle
 12654 | Volcano  | Killed a gargoyle
 12654 | Volcano  | Reached XP level 11. HP: 55/55 MP: 20/20
 12683 | Volcano  | Noticed a red ugly thing
 12700 | Volcano  | Killed a red ugly thing
 12700 | Volcano  | Reached skill level 5 in Air Magic
 13167 | Lair:2   | Found a labyrinth entrance.
 13172 | Lair:2   | Found a staircase to the Shoals.
 13173 | Lair:2   | Reached *** piety under Hepliaklqana
 13205 | Lab      | Entered a labyrinth
 13277 | Lab      | Noticed a minotaur
 13293 | Lab      | Killed a minotaur
 13310 | Lair:2   | Identified a +1 rod of clouds (12/12) (You found it in a labyrinth)
 13332 | Lair:2   | Learned a level 6 spell: Poisonous Cloud
 13570 | Lair:2   | Noticed an oklob plant
 14218 | Lair:2   | Found a staircase to the Snake Pit.
 14591 | Lair:2   | Reached skill level 5 in Conjurations
 15231 | Lair:3   | Reached **** piety under Hepliaklqana
 15443 | Lair:3   | Reached XP level 12. HP: 63/63 MP: 21/21
 15958 | Lair:4   | Noticed a death yak
 15960 | Lair:4   | Noticed a death yak
 15962 | Lair:4   | Noticed a death yak
 15975 | Lair:4   | Killed a death yak
 15984 | Lair:4   | Killed a death yak
 16005 | Lair:4   | Killed a death yak
 16088 | Lair:4   | Found a frozen archway.
 16101 | IceCv    | Entered an ice cave
 16791 | IceCv    | HP: 2/64 [ice devil (8)]
 18462 | Lair:5   | Upgraded the game from 0.19-a0-627-g7ac35de to 0.19-a0-644-gd04d753
 18542 | Lair:5   | Identified a scroll of acquirement
 18582 | Lair:5   | Noticed an eight-headed hydra
 18614 | Lair:5   | Killed an eight-headed hydra
 18773 | Lair:5   | Noticed a death yak
 18774 | Lair:5   | Noticed a death yak
 18775 | Lair:5   | Noticed a death yak
 18796 | Lair:5   | Killed a death yak
 18807 | Lair:5   | Killed a death yak
 18822 | Lair:5   | Killed a death yak
 19245 | Lair:6   | Entered Level 6 of the Lair of Beasts
 19592 | Lair:6   | Reached XP level 13. HP: 39/70 MP: 15/22
 19765 | Lair:6   | Noticed Etesian's ghost (journeyman CeSk)
 21419 | Lair:6   | Reached ***** piety under Hepliaklqana
 22204 | Lair:6   | Reached skill level 10 in Short Blades
 23319 | Lair:2   | Learned a level 3 spell: Ignite Poison
 23850 | D:10     | Entered Level 10 of the Dungeon
 24383 | D:10     | Reached XP level 14. HP: 66/75 MP: 10/24
 24578 | D:10     | Reached skill level 11 in Dodging
 24578 | D:10     | Reached skill level 10 in Hexes
 24578 | D:10     | Reached XP level 15. HP: 64/79 MP: 25/25
 24579 | D:10     | Remembered your ancestor Lucia wielding a demon trident
 24620 | D:10     | Noticed Psyche
 24629 | D:10     | Killed Psyche
 24794 | D:10     | Found a staircase to the Orcish Mines.
 25075 | Orc:1    | Entered Level 1 of the Orcish Mines
 25082 | Orc:1    | Noticed Maud
 25083 | Orc:1    | Noticed Erolcha
 25108 | Orc:1    | Killed Maud
 25111 | Orc:1    | Killed Erolcha
 25452 | Orc:1    | Found Zat Pymp's Assorted Antiques.
 25776 | Orc:2    | Entered Level 2 of the Orcish Mines
 25789 | Orc:2    | Found Joliad's Gadget Shoppe.
 26723 | Orc:2    | Found Waega's Assorted Antiques.
 26767 | Orc:2    | Found Osusoogurgh's Gadget Boutique.
 26984 | Orc:2    | Found Vujytaar's Jewellery Shop.
 26992 | Orc:2    | Bought the ring of Linearity {Wiz rF+} for 660 gold pieces
 26999 | Orc:2    | Bought a twisted brass ring for 135 gold pieces
 27092 | Orc:2    | Learned a level 2 spell: Repel Missiles
 27148 | Orc:2    | Found a staircase to the Elven Halls.
 27811 | Orc:1    | Upgraded the game from 0.19-a0-644-gd04d753 to 0.19-a0-665-g79b24d5
 27834 | Orc:2    | Reached skill level 12 in Dodging
 28556 | Lair:6   | Killed Etesian's ghost
 28843 | Lair:6   | Got a faintly glowing dagger
 28844 | Lair:6   | Identified the +6 dagger "Rumpewn" {pierce, rElec MP+9 Int-4} (You found it on level 6 of the Lair of Beasts)
 29365 | D:11     | Reached ****** piety under Hepliaklqana
 30738 | D:12     | Found an oddly glowing altar of Pakellas.
 31313 | D:13     | Reached skill level 13 in Dodging
 31321 | D:13     | Reached skill level 10 in Fighting
 31798 | D:13     | Found Tanaih's Magic Scroll Shop.
 31836 | D:13     | Bought a scroll of identify for 20 gold pieces
 31858 | D:13     | Upgraded the game from 0.19-a0-665-g79b24d5 to 0.19-a0-733-geeb8733
 32379 | D:14     | Noticed Frances
 32601 | D:14     | Found a gate to the Vaults.
 32612 | D:14     | Reached skill level 1 in Invocations
 32627 | D:14     | Hit by a large rock thrown by a cyclops

Vault maps used:
D:1:      roderic_chinese_lattice_arrival
D:2:      nicolae_overflow_hidden_temple, serial_bayou_pond_d,
          kennysheep_pointless_box, xom_teletrap_fun
D:3:      lemuel_castle_with_subvaults, portal_sewer_entry_a
D:4:      kennysheep_mini, serial_glass, glass_columns_a, glass_columns_c,
          glass_columns_a, glass_columns_a, glass_columns_a, glass_columns_b,
          glass_columns_c, glass_columns_a, glass_columns_a, glass_columns_a,
          serial_shops, shop
D:5:      lemuel_zombie_altar_yredelemnul, first_bread, uniq_menkaure,
          uniq_crazy_yiuf_cottage
D:6:      lemuel_doored_altar, minmay_temple_entry_poolview, basic_altar,
          lemuel_flamethrower_2
D:7:      serial_glass, glass_columns_c, glass_columns_b, the_bakery
D:8:      serial_shops, shop, shop, shop, shop, uniq_erica
D:9:      lair_0_dummy, minmay_strange_pillars, uniq_joseph
D:10:     orc_0_dummy, uniq_psyche
D:11:     kennysheep_small_spiral, due_unseen_surprise
D:12:     basic_altar
D:13:     serial_shops, nicolae_shop_trees
D:14:     lightli_vaults_fourway_checkpoint, minmay_fountain_box, uniq_frances
Temple:   grunt_circular_temple_18
Lair:1:   nicolae_volcano_entry_vermiform
Lair:2:   shoals_dummy_entry, minmay_snake_entry_guardpost_medium,
          lab_entry_generic, minmay_lair_oklob_bushes, grunt_megastairs_2
Lair:3:   infiniplex_staircase_pool, grunt_megastairs_1
Lair:4:   portal_ice_cave_entry_pillars_1
Lair:5:   minmay_slime_entry_oklob_open
Lair:6:   grunt_lair_end_beastmaster, bobbens_dragon_lair_wall
Orc:1:    serial_shops, nicolae_shop_overgrown_old_shop, uniq_maud, uniq_erolcha
Orc:2:    st_orc_open, mines4_lemuel
Lab:      labyrinth_mini_lab
Sewer:    sewer_co_cracked_pipes
IceCv:    ice_cave_small_demon
Volcano:  volcano_pools

Skill      XL: |  1  2  3  4  5  6  7  8  9 10 11 12 13 14 15 |
---------------+----------------------------------------------+-----
Hexes          | 4 5 6 9 10 | 10.6
Short Blades   | 2 3 4 5 7 8 11 | 11.0
Stealth        | 6 7 |  7.0
Dodging        | 5 6 9 11 13 | 13.7
Fighting       | 1 4 5 7 9 10 | 10.3
Poison Magic   | 3 5 7 9 |  9.0
Air Magic      | 2 3 4 6 8 9 |  9.4
Conjurations   | 3 5 8 9 |  9.0
Spellcasting   | 5 6 |  6.8
Throwing       | 1 4 |  4.1
Translocations | 4 |  4.1
Invocations    | 2 |  2.2

Action                   |  1- 3 |  4- 6 |  7- 9 | 10-12 | 13-15 || total
-------------------------+-------+-------+-------+-------+-------++-------
Melee: Dagger            |   123 |   204 |   554 |   785 |       ||  1666
       Rapier            |       |       |       |   120 |  1318 ||  1438
Throw: Tomahawk          |       |     2 |     1 |    11 |     4 ||    18
       Throwing net      |       |       |       |       |     2 ||     2
 Cast: Ensorcelled Hiber |     5 |    29 |    47 |    58 |    66 ||   205
       Tukima's Dance    |       |     8 |    11 |    10 |     1 ||    30
       Confuse           |       |     5 |    18 |    35 |    40 ||    98
       Mephitic Cloud    |       |       |     2 |    25 |    57 ||    84
       Ignite Poison     |       |       |       |       |    14 ||    14
       Shroud of Golubri |       |       |       |       |     3 ||     3
       Poisonous Cloud   |       |       |       |       |     5 ||     5
       Blink             |       |       |       |       |     6 ||     6
       Repel Missiles    |       |       |       |       |     1 ||     1
Invok: Recall Ancestor   |       |       |     3 |    11 |    11 ||    25
       Ancestor Life: Kn |       |       |       |     1 |       ||     1
       Idealise          |       |       |       |     1 |       ||     1
       Transference      |       |       |       |     1 |       ||     1
Knight: Demon Tri        |       |       |       |       |     1 ||     1
Evoke: Wand              |       |       |       |    19 |     3 ||    22
  Use: Scroll            |       |     9 |    13 |     8 |     9 ||    39
       Potion            |       |       |     1 |     9 |     4 ||    14
 Stab: Sleeping          |    19 |    30 |    55 |    62 |    46 ||   212
       Distracted        |       |     3 |     3 |     5 |     7 ||    18
       Confused          |       |     1 |     8 |    48 |    64 ||   121
  Eat: Pizza             |       |     1 |       |       |     3 ||     4
       Bread ration      |       |     1 |     1 |     2 |     2 ||     6
       Fruit             |       |     1 |       |       |       ||     1
       Royal jelly       |       |       |     1 |     1 |     3 ||     5
Armor: Robe              |     9 |    17 |    61 |    36 |    56 ||   179
Dodge: Dodged            |    82 |   147 |   296 |   543 |  1017 ||  2085
       Deflected         |       |       |       |       |     1 ||     1
Block: Other             |       |       |    37 |    64 |    89 ||   190
       Reflection        |       |       |       |     1 |     1 ||     2
